 Dungeon Crawl Stone Soup version 0.23-a0-87-g5f73bc1 (webtiles) character file.

2349 KristoblXynda the Covert (level 9, 0/45 HPs)
             Began as a Spriggan Arcane Marksman on Aug 15, 2018.
             Was an Initiate of Dithmenos.
             Hit by a tomahawk thrown by an orc warrior (15 damage)
             ... on level 7 of the Dungeon.
             The game lasted 00:17:02 (7271 turns).

KristoblXynda the Covert (Spriggan Arcane Marksman) Turns: 7271, Time: 00:17:03

Health: 0/45       AC:  3    Str:  8    XL:     9   Next: 20%
Magic:  12/12      EV: 23    Int: 17    God:    Dithmenos [......]
Gold:   268        SH:  0    Dex: 17    Spells: 9/10 levels left

rFire    . . .     SeeInvis +   j - +1 dagger (elec)
rCold    . . .     Gourm    .   (shield restricted)
rNeg     . . .     Faith    .   e - +0 robe
rPois    .         Spirit   .   (helmet restricted)
rElec    .         Reflect  .   m - +0 cloak
rCorr    .         Harm     .   (gloves unavailable)
MR       +....                  (boots unavailable)
Stlth    +++++.....             (no amulet)
HPRegen  0.15/turn              b - +2 ring of strength
MPRegen  0.13/turn              (no ring)

@: very quick
A: very small, unfitting armour, beak, talons 1, see invisible, herbivore, speed
3, slow metabolism 2
a: Renounce Religion


You were on level 7 of the Dungeon.
You worshipped Dithmenos.
Dithmenos was noncommittal.
You were not hungry.

You visited 2 branches of the dungeon, and saw 8 of its levels.

You collected 268 gold pieces.

Inventory:

Hand Weapons
 a - a +0 hunting sling
 j - a +1 dagger of electrocution (weapon)
Missiles
 d - 96 sling bullets
 g - 183 stones (quivered)
Armour
 e - a +0 robe (worn)
 m - a +0 cloak (worn)
Jewellery
 b - a +2 ring of strength (left hand)
Wands
 o - a wand of iceblast (4)
 r - a wand of acid (9)
Scrolls
 h - a scroll of teleportation
 q - a scroll of amnesia
 s - 2 scrolls of remove curse
 t - a scroll of summoning {unknown}
 u - a scroll of immolation {unknown}
 w - a scroll of identify
 x - a scroll of fog {unknown}
 y - a scroll of brand weapon {unknown}
Potions
 c - a potion of heal wounds
 i - 3 potions of cancellation
 k - 2 potions of flight
 l - a potion of brilliance
 n - a potion of lignification
 p - a potion of haste
 v - a potion of might
Comestibles
 f - 9 rations


   Skills:
 - Level 4.1 Fighting
 - Level 5.2 Short Blades
 + Level 9.0 Slings
 - Level 7.7 Dodging
 + Level 11.0 Stealth
 - Level 1.3 Spellcasting
 - Level 6.2 Hexes
 + Level 2.8 Invocations
 + Level 3.7 Evocations


You had 9 spell levels left.
You knew the following spells:

 Your Spells              Type           Power        Failure   Level  Hunger
a - Corona                Hex            ###....      1%          1    ##.....

Your spell library contained the following spells:

 Spells                   Type           Power        Failure   Level  Hunger
 Cause Fear               Hex            ###.......   16%         4    #####..
 Bolt of Magma            Conj/Fire/Erth #.........   99%         5    ######.
 Slow                     Hex            ###.....     2%          2    ###....
 Throw Frost              Conj/Ice       #.....       30%         2    ###....
 Venom Bolt               Conj/Pois      #.........   99%         5    ######.
 Freeze                   Ice            #...         21%         1    ##.....
 Summon Ice Beast         Ice/Summ       #.......     90%         4    #####..
 Ozocubu's Armour         Chrm/Ice       #.......     52%         3    ####...
 Iron Shot                Conj/Erth      #.........   100%        6    #######
 Throw Icicle             Conj/Ice       #.......     90%         4    #####..
 Portal Projectile        Hex/Tloc       ##....       17%         3    ####...
 Orb of Destruction       Conj           #.........   100%        7    #######
 Leda's Liquefaction      Hex/Erth       ##........   50%         4    #####..
 Inner Flame              Hex/Fire       ##......     17%         3    ####...
 Iskenderun's Battlesphe  Conj/Chrm      #.......     99%         5    ######.
 Spellforged Servitor     Conj/Summ      #.........   100%        7    #######


Dungeon Overview and Level Annotations

Branches:
Dungeon (7/15)             Temple (1/1) D:6

Altars:
Ashenzari
Cheibriados
Dithmenos
Elyvilon
Fedhas
Gozag
Hepliaklqana
Kikubaaqudgha
Makhleb
Nemelex Xobeh
Okawaru
Qazlal
Ru
Sif Muna
Uskayaw
Vehumet
Yredelemnul
Zin
Jiyva


Innate Abilities, Weirdness & Mutations

You are very small and have problems with some larger weapons.
You are too small for most types of armour.
You have supernaturally acute eyesight. (SInv)
You are a herbivore.
You cover ground extremely quickly.
You need to consume almost no food.
You have a beak for a mouth.
You have sharp toenails.


Message History

The orc priest invokes the aid of Beogh against you.
You resist with some effort. The orc completely misses you.
The orc warrior throws a tomahawk.
The tomahawk completely misses you.
You hit the orc priest. You claw the orc priest.
The orc priest is severely wounded.
The orc priest completely misses you. The orc completely misses you.
You closely miss the orc priest. Your kick misses the orc priest.
The orc priest is severely wounded.
The orc warrior throws a tomahawk.
The tomahawk hits you!!
The orc priest hits you but does no damage.
You completely miss the orc priest. You peck the orc priest.
The orc priest is almost dead.
The orc hits you with a war axe.
The orc warrior throws a tomahawk.
The tomahawk closely misses you.
You hit the orc priest but do no damage.
Lightning courses through the orc priest!
You kill the orc priest!
Dithmenos accepts your kill.
The orc warrior throws a tomahawk.
The tomahawk hits you!
You die...

#.##.######
#.###..
#.##......#
#......
#.##.####.#
#..###. #.##.#
#.####..###.
#.##.#
#...........
#.##.#
#####...####
#.##.###### #...#
#.##o...... ....#
#.[@)Y.....##.#.#
####.##.... ....#
.# # ..... .#
#.#### o# .# .#
.#


You could see an orc warrior, a sky beast and an orc.

Vanquished Creatures
  Pikel (D:6)
  Sigmund (D:4)
  Menkaure (D:4)
  An ice beast (D:7)
  A sky beast (D:6)
  A black bear (D:7)
  A phantom (D:6)
  An ogre (D:4)
  A centaur (D:6)
  2 bullfrogs
  A gnoll sergeant (D:7)
  A crimson imp (D:5)
  4 howler monkeys
  A bullfrog zombie (D:7)
  2 hounds
  An orc priest (D:7)
  3 orc wizards
  Crazy Yiuf (D:4)
  Jessica (D:2)
  An iguana (D:4)
  4 worker ants
  A howler monkey zombie (D:6)
  A howler monkey skeleton (D:6)
  8 gnolls
  6 adders
  A shadow imp (D:6)
  2 worms
  2 dart slugs
  4 leopard geckos
  15 orcs
  5 bats
  2 giant cockroaches
  4 goblins
  9 hobgoblins
  2 jackals (D:2)
  7 kobolds
  2 quokkas (D:4)
  2 ball pythons (D:1)
  7 frilled lizards
  6 rats
117 creatures vanquished.

Notes
Turn   | Place    | Note
-------+----------+-------------------------------------------
     0 | D:1      | KristoblXynda the Spriggan Arcane Marksman began the quest for the Orb.
     0 | D:1      | Reached XP level 1. HP: 9/9 MP: 3/3
    44 | D:1      | Reached skill level 1 in Stealth
   139 | D:1      | Reached XP level 2. HP: 14/14 MP: 5/5
   347 | D:1      | Reached skill level 2 in Stealth
   727 | D:2      | Found a snail-covered altar of Cheibriados.
   746 | D:2      | Reached XP level 3. HP: 17/17 MP: 6/6
   822 | D:2      | Noticed Jessica
   824 | D:2      | You fall through a shaft!
  1521 | D:3      | Found a basalt altar of Yredelemnul.
  1521 | D:3      | Found a stormy altar of Qazlal.
  2039 | D:2      | Killed Jessica
  2039 | D:2      | Reached skill level 3 in Stealth
  2039 | D:2      | Reached XP level 4. HP: 21/21 MP: 7/7
  2508 | D:4      | Noticed Sigmund
  2556 | D:4      | Reached skill level 5 in Short Blades
  2556 | D:4      | Reached skill level 8 in Stealth
  2556 | D:4      | Reached XP level 5. HP: 23/29 MP: 6/8
  2559 | D:4      | Killed Sigmund
  2559 | D:4      | Reached skill level 5 in Hexes
  2559 | D:4      | Reached XP level 6. HP: 20/33 MP: 6/9
  2761 | D:4      | Reached skill level 9 in Stealth
  3251 | D:4      | Found an iron altar of Okawaru.
  3348 | D:4      | Reached XP level 7. HP: 37/37 MP: 10/10
  3585 | D:4      | Found a runed door.
  3613 | D:4      | Found an ancient bone altar of Kikubaaqudgha.
  3780 | D:4      | Noticed Menkaure
  3787 | D:4      | Killed Menkaure
  4090 | D:4      | Noticed Crazy Yiuf
  4122 | D:4      | Killed Crazy Yiuf
  4190 | D:5      | Entered Level 5 of the Dungeon
  4190 | D:5      | Found a blossoming altar of Fedhas.
  4603 | D:5      | Found a deep blue altar of Sif Muna.
  4713 | D:5      | Found a hazy altar of Hepliaklqana.
  4844 | D:6      | Found a sacrificial altar of Ru.
  5004 | D:6      | Found a staircase to the Ecumenical Temple.
  5076 | Temple   | Entered the Ecumenical Temple
  5122 | Temple   | Became a worshipper of Dithmenos the Shadowed
  5416 | D:6      | Reached skill level 10 in Stealth
  5464 | D:6      | Reached XP level 8. HP: 41/42 MP: 11/11
  5547 | D:6      | Got a jewelled mace
  5550 | D:6      | Identified the cursed +0 mace "Hell-Harrower" {antimagic, rPois rN+ Int+6} (You found it on level 6 of the Dungeon)
  5743 | D:6      | Reached skill level 1 in Evocations
  6057 | D:6      | Noticed Pikel
  6121 | D:6      | Killed Pikel
  6730 | D:7      | Gained mutation: You are occasionally teleported next to monsters. [potion of mutation]
  6730 | D:7      | Lost mutation: You are occasionally teleported next to monsters. [potion of mutation]
  6730 | D:7      | Gained mutation: You have sharp toenails. [potion of mutation]
  6730 | D:7      | Gained mutation: You have a beak for a mouth. [potion of mutation]
  6975 | D:7      | Reached XP level 9. HP: 45/45 MP: 12/12
  7008 | D:7      | Reached skill level 11 in Stealth
  7271 | D:7      | Hit by a tomahawk thrown by an orc warrior

Vault maps used:
D:1:      mainiacjoe_arrival_reflecting_pool, minmay_strange_pillars
D:2:      lemuel_doored_altar, minmay_liquid_box, minivault_25,
          minmay_tetromino_t2, uniq_jessica
D:3:      gammafunk_temple_overflow_elements, hex_tiny
D:4:      nicolae_overflow_crystal_walls, okawaru_metal_pillars_1_2,
          first_ration, serial_bayou_lagoon_a, uniq_sigmund,
          uniq_crazy_yiuf_cottage, uniq_menkaure
D:5:      kennysheep_mini_moat, lemuel_coloured_pillars_altar,
          nicolae_overflow_hidden_temple
D:6:      marbit_many_paths, minmay_temple_entry_glassed_door, minivault_27,
          uniq_pikel
D:7:      lemuel_crystal_altar
Temple:   pf_slimified_temple

Skill      XL: |  1  2  3  4  5  6  7  8  9 |
---------------+----------------------------+-----
Stealth        | 1 2 3 8 9 10 11 | 11.0
Hexes          | 4 5 6 |  6.2
Slings         | 3 7 8 9 |  9.0
Fighting       | 4 |  4.1
Short Blades   | 5 |  5.2
Dodging        | 7 |  7.7
Evocations     | 3 |  3.7
Invocations    | 2 |  2.8
Spellcasting   | |  1.3

Action                   |  1- 3 |  4- 6 |  7- 9 || total
-------------------------+-------+-------+-------++-------
Melee: Dagger            |    57 |    68 |   172 ||   297
       Peck              |       |       |     8 ||     8
       Kick              |       |       |     8 ||     8
 Fire: Hunting sling     |    93 |    42 |   110 ||   245
 Cast: Corona            |       |     4 |     3 ||     7
Evoke: Wand              |       |       |     2 ||     2
  Use: Potion            |       |     2 |     1 ||     3
       Scroll            |       |     6 |     8 ||    14
 Stab: Sleeping          |     6 |     2 |     6 ||    14
       Distracted        |       |       |     2 ||     2
  Eat: Ration            |       |       |     2 ||     2
Armor: Robe              |    10 |     2 |     4 ||    16
Dodge: Dodged            |    65 |    44 |   115 ||   224

Table legend:
 A = Non-vault XP
 B = Vault XP
 C = Vault XP percentage of total XP
 D = Non-vault monster count
 E = Vault monster count
 F = Vault count percentage of total count
 G = Total turns spent on level
                 A         B        C        D         E       F
            +---------+---------+-------+---------+---------+-------
      Total |    2085 |    1132 |  35.2 |     110 |       7 |   6.0
            +---------+---------+-------+---------+---------+-------
        D:1 |      38 |       0 |   0.0 |      24 |       0 |   0.0
        D:2 |      46 |      52 |  53.1 |      18 |       3 |  14.3
        D:3 |       9 |       0 |   0.0 |       5 |       0 |   0.0
        D:4 |     296 |     429 |  59.2 |      20 |       3 |  13.0
        D:5 |     180 |       0 |   0.0 |       5 |       0 |   0.0
        D:6 |     603 |     651 |  51.9 |      15 |       1 |   6.2
        D:7 |     913 |       0 |   0.0 |      23 |       0 |   0.0
            +---------+---------+-------+---------+---------+-------
